 Dungeon Crawl Stone Soup version 0.16-a0-3354-g045d5c7 (webtiles) character file.

3054 PolkaDot the Fighter (level 9, -3/74 (76) HPs)
             Began as a Vampire Summoner on Dec 28, 2014.
             Was a Believer of Sif Muna.
             Killed by divine providence
             ... invoked by an orc priest
              (16 damage)
             ... on level 8 of the Dungeon on Dec 29, 2014.
             The game lasted 00:42:58 (10609 turns).

PolkaDot the Fighter (Vampire Summoner)            Turns: 10609, Time: 00:42:58

HP:   -3/74 (76)    AC:  6    Str:  7    XL:     9   Next: 57%
MP:   15/17         EV: 12    Int: 20    God:    Sif Muna [**....]
Gold: 421           SH:  0    Dex: 14    Spells: 6 memorised, 2 levels left

rFire  . . .     SeeInvis +     k - +0 trident
rCold  + + .     Clarity  .     r - +0 robe
rNeg   + + +     SustAb   .     (no shield)
rPois  ∞         Gourm    .     (no helmet)
rElec  .         Spirit   .     (no cloak)
rCorr  .         Warding  .     t - +2 pair of gloves
rMut   .         Stasis   .     x - +0 pair of boots
MR     .....                    (no amulet)
Stlth  +++.......               (no ring)
                                (no ring)

@: bloodless, non-regenerating, not resistant to hostile enchantments, fairly
stealthy
A: bottle blood, fangs 3, see invisible, unbreathing
a: Bat Form, Channel Energy, Forget Spell, Renounce Religion


You were on level 8 of the Dungeon.
You worshipped Sif Muna.
Sif Muna was pleased with you.
You were bloodless.

You visited 1 branch of the dungeon, and saw 8 of its levels.

You collected 421 gold pieces.

Inventory:

Hand weapons
 k - a +0 trident (weapon)
Missiles
 z - 2 throwing nets (quivered)
Armour
 r - a +0 robe (worn)
 t - a +2 pair of gloves (worn)
 x - a +0 pair of boots (worn)
Magical devices
 m - a wand of magic darts (0)
 B - a wand of magic darts (19)
Scrolls
 c - a scroll of enchant weapon
 d - 5 scrolls of remove curse
 f - a scroll of enchant armour {unknown}
 h - a scroll of fog {unknown}
 i - a scroll of magic mapping
 j - 2 scrolls of blinking {unknown}
 l - 2 scrolls of teleportation
 p - a scroll of immolation {unknown}
 q - a scroll of fear {unknown}
Potions
 e - 2 potions of magic
 g - a potion of curing
 o - 2 potions of restore abilities
 w - a potion of flight
Books
 b - a book of Callings

   Spells                             Type                      Level
   a - Summon Small Mammal            Summoning                    1
   b - Call Imp                       Summoning                    2
   c - Call Canine Familiar           Summoning                    3
   d - Summon Guardian Golem          Hexes/Summoning              4
   e - Summon Lightning Spire         Summoning/Air                4
   f - Summon Ice Beast               Ice/Summoning                4
 s - a book of Party Tricks

   Spells                             Type                      Level
   a - Summon Butterflies             Summoning                    1
   b - Apportation                    Translocation                1
   c - Tukima's Dance                 Hexes                        3
   d - Alistair's Intoxication        Transmutation/Poison         4
   e - Invisibility                   Hexes                        6


   Skills:
 * Level 9.2 Fighting
 - Level 2.1 Dodging
 - Level 3.0 Stealth
 - Level 3.0 Spellcasting
 + Level 7.7 Summonings
 + Level 5.0 Ice Magic


You had 2 spell levels left.
You knew the following spells:

 Your Spells              Type           Power        Failure   Level  Hunger
a - Apportation           Tloc           #.........   17%         1    None
b - Summon Butterflies    Summ           ####....     1%          1    None
d - Call Canine Familiar  Summ           ####....     1%          3    ###....
i - Summon Ice Beast      Ice/Summ       ####....     12%         4    ####...
s - Call Imp              Summ           ####....     1%          2    ##.....
z - Summon Small Mammal   Summ           ####         1%          1    None


Dungeon Overview and Level Annotations

Branches:
Dungeon (8/15)             Temple (0/1) D:6            Lair (0/8) D:8

Altars:
Dithmenos
Fedhas
Makhleb
Okawaru
Qazlal
Ru
Sif Muna
Vehumet
Xom
The Shining One


Innate Abilities, Weirdness & Mutations

You do not heal naturally.
You can bottle blood from corpses.
You have razor-sharp teeth.
You have supernaturally acute eyesight.
You can survive without breathing.


Message History

Use which ability? (? or * to list)
You channel some magical energy.
Use which ability? (? or * to list)
You channel some magical energy.
Use which ability? (? or * to list)
You channel some magical energy.
Your hound disappears in a puff of smoke!
Use which ability? (? or * to list)
You channel some magical energy.
An orc priest and an orc wizard come into view.
Use which ability? (? or * to list)
You channel some magical energy.
Use which ability? (? or * to list)
You channel some magical energy.
An orc comes into view. It is wielding a hand axe.
Use which ability? (? or * to list)
You channel some magical energy.
The orc priest invokes the aid of Beogh against you.
Something smites you!
You die...

. #. #. ##.### #....#
#....# ...##..."######
##### ....#......$.....
.... ........@.# #...
$...#..YY.############...
.....................Y...
#.##...............rYr.Y.
.#........#.############
............oo...Y...../.
...#........o....######Y
.#.#......#.##....)...#.
#.#......#.##........#.


You could see an orc priest, an orc wizard, an orc and 2 friendly ice beasts.

Vanquished Creatures
  The ghost of Herrn the Skirmisher, an average DsFi (D:4)
  2 hippogriffs
  An ogre (D:6)
  An eye of draining (D:8)
  A phantom (D:8)
  The ghost of archlich the Vexing, an average DsEn (D:5)
  A centaur (D:7)
  A giant frog (D:7)
  A scorpion (D:5)
  A goliath beetle (D:8)
  4 worker ants
  A sheep (D:8)
  A hound skeleton (D:6)
  3 gnolls
  2 giant mites
  An adder (D:5)
  2 worms (D:3)
  3 giant geckos
  An ooze (D:4)
  5 orcs (D:3)
  A ball python (D:2)
  2 bat skeletons (D:4)
  13 goblins
  13 hobgoblins
  12 kobolds
  5 quokkas
  11 bats
  9 giant cockroaches
  2 giant newts
  A jackal (D:4)
  A quokka skeleton (D:5)
  11 rats
115 creatures vanquished.

Vanquished Creatures (collateral kills)
  The ghost of
  1010011010 the Martial Artist, an experienced DrTm of Okawaru (D:8)
  Grinder (D:5)
  2 hungry ghosts (D:8)
  Edmund (D:4)
  2 ice beasts
  A phantom (D:5)
  3 ogres
  2 necrophages (D:7)
  An eye of draining (D:8)
  2 sky beasts
  Duvessa (D:5)
  4 giant frogs
  3 scorpions
  Dowan (D:5)
  5 crimson imps
  A giant frog zombie (D:5)
  A centaur skeleton (D:8)
  A jelly (D:5)
  2 hounds
  An orc wizard (D:5)
  An iguana (D:6)
  An orc priest (D:6)
  7 worker ants
  A sheep (D:8)
  A worker ant zombie (D:8)
  5 adders
  8 gnolls
  A giant mite (D:4)
  2 shadow imps
  A worm (D:2)
  An adder zombie (D:6)
  2 giant geckos
  7 orcs
  A bat skeleton (D:7)
  2 giant cockroaches
  4 goblins
  3 hobgoblins
  A jackal (D:4)
  4 bats
  A giant gecko zombie (D:7)
  2 giant newts
  A jackal skeleton (D:4)
  7 kobolds
  3 rats
103 creatures vanquished.

Vanquished Creatures (others)
  An ice beast (D:8)
  13 crimson imps
  19 hounds
  3 iron imps
  14 white imps
  3 shadow imps (D:5)
  4 bats
  16 quokkas
  3 rats
  2 butterflies (D:5)
78 creatures vanquished.

Grand Total: 296 creatures vanquished

Notes
Turn   | Place    | Note
--------------------------------------------------------------
     0 | D:1      | PolkaDot, the Vampire Summoner, began the quest for the Orb.
     0 | D:1      | Reached XP level 1. HP: 13/13 MP: 3/3
     0 | D:1      | Upgraded the game from 0.16-a0-3330-g2931290 to 0.16-a0-3354-g045d5c7
   217 | D:1      | Reached skill level 1 in Fighting
   436 | D:1      | Reached XP level 2. HP: 19/21 MP: 4/4
   451 | D:1      | Learned a level 2 spell: Call Imp
  1056 | D:1      | Reached XP level 3. HP: 28/28 MP: 6/6
  1063 | D:1      | Learned a level 3 spell: Call Canine Familiar
  1154 | D:2      | Found a stormy altar of Qazlal.
  1429 | D:2      | Found a shimmering altar of Xom.
  1432 | D:2      | Found a radiant altar of Vehumet.
  1981 | D:3      | Reached XP level 4. HP: 35/35 MP: 7/7
  2051 | D:3      | Found an iron altar of Okawaru.
  2523 | D:3      | Found a deep blue altar of Sif Muna.
  2533 | D:3      | Became a worshipper of Sif Muna the Loreminder
  2893 | D:4      | Reached XP level 5. HP: 31/42 MP: 2/9
  2988 | D:4      | Noticed Herrn's ghost (average DsFi)
  3007 | D:4      | Killed Herrn's ghost
  3007 | D:4      | Reached skill level 5 in Fighting
  3007 | D:4      | Reached XP level 6. HP: 9/51 MP: 10/10
  3169 | D:4      | Learned a level 1 spell: Summon Butterflies
  3171 | D:4      | Learned a level 1 spell: Apportation
  3631 | D:4      | Noticed Edmund
  3731 | D:4      | Killed Edmund
  3731 | D:4      | Reached skill level 5 in Summonings
  4074 | D:5      | Entered Level 5 of the Dungeon
  4085 | D:5      | Noticed archlich's ghost (average DsEn)
  4097 | D:5      | Killed archlich's ghost
  4189 | D:5      | Reached XP level 7. HP: 38/57 MP: 9/12
  4355 | D:5      | Found a blossoming altar of Fedhas.
  4499 | D:5      | Reached skill level 6 in Fighting
  4729 | D:5      | Learned a level 4 spell: Summon Ice Beast
  4747 | D:5      | Noticed Dowan
  4748 | D:5      | Noticed Duvessa
  4803 | D:5      | Killed Duvessa
  4803 | D:5      | Acquired Sif Muna's first power
  4823 | D:5      | Killed Dowan
  4939 | D:5      | Found a burning altar of Makhleb.
  5072 | D:5      | Reached skill level 1 in Ice Magic
  5346 | D:5      | Noticed Grinder
  5378 | D:5      | HP: 1/59 [Grinder/wand of magic darts (2)]
  5398 | D:5      | Killed Grinder
  5724 | D:5      | Reached XP level 8. HP: 35/65 MP: 16/16
  6133 | D:6      | HP: 3/65 [poisoned by a worker ant]
  6138 | D:6      | HP: 3/65 [poisoned by a worker ant]
  6701 | D:6      | Found a staircase to the Ecumenical Temple.
  7220 | D:6      | Reached skill level 7 in Fighting
  7242 | D:6      | Found a sacrificial altar of Ru.
  8237 | D:7      | Found a shadowy altar of Dithmenos.
  8237 | D:7      | Found a glowing golden altar of the Shining One.
  8356 | D:7      | Reached skill level 8 in Fighting
  8389 | D:7      | Acquired Sif Muna's second power
  8801 | D:7      | Reached XP level 9. HP: 67/72 MP: 17/17
  9288 | D:7      | Found a blossoming altar of Fedhas.
  9706 | D:8      | Noticed 1010011010's ghost (experienced DrTm)
  9851 | D:8      | Killed 1010011010's ghost
 10001 | D:8      | Found a shimmering altar of Xom.
 10115 | D:8      | Found a staircase to the Lair.
 10185 | D:8      | Reached skill level 9 in Fighting
 10457 | D:8      | Noticed an elephant
 10494 | D:8      | Reached skill level 5 in Ice Magic
 10609 | D:8      | Killed from afar by an orc priest

Action                   |  1- 3 |  4- 6 |  7- 9 || total
-------------------------+-------+-------+-------++-------
Melee: Unarmed           |    30 |       |       ||    30
       Short sword       |   110 |     2 |       ||   112
       Spear             |       |   248 |   430 ||   678
       Trident           |       |       |    19 ||    19
 Cast: Summon Small Mamm |    16 |       |    35 ||    51
       Call Imp          |     1 |    14 |   101 ||   116
       Call Canine Famil |     1 |    11 |    50 ||    62
       Summon Butterflie |       |       |     2 ||     2
       Summon Ice Beast  |       |       |     7 ||     7
Invok: Channel Energy    |       |       |    94 ||    94
 Abil: End Transformatio |       |       |     1 ||     1
       Bat Form          |       |       |     1 ||     1
  Use: Potion            |     2 |    14 |    43 ||    59
       Scroll            |       |     1 |     9 ||    10
 Stab: Sleeping          |     8 |     6 |     3 ||    17
       Distracted        |     1 |     2 |     6 ||     9
       Invisible         |       |       |    10 ||    10
  Eat: Corpse            |     7 |       |       ||     7
